 Dungeon Crawl Stone Soup version 0.17.0-24-gcfadda4 (webtiles) character file.

4379 Gorice the Fighter (level 10, 0/85 HPs)
             Began as a Demonspawn Wanderer on Nov 15, 2015.
             Was an Elder of Okawaru.
             Succumbed to a gnoll sergeant's poison
             ... while paralysed
             ... on level 8 of the Dungeon.
             The game lasted 00:39:20 (8309 turns).

Gorice the Fighter (Demonspawn Wanderer)            Turns: 8309, Time: 00:39:21

Health: 0/85       AC: 18    Str: 14    XL:     10   Next: 13%
Magic:  12/13      EV:  2    Int: 15    God:    Okawaru [****..]
Gold:   407        SH:  0    Dex: 13    Spells: 0 memorised, 13 levels left

rFire  + . .     SeeInvis .     a - +5 scimitar (freeze)
rCold  . . .     Clarity  .     y - +0 chain mail
rNeg   . . .     SustAt   .     d - +0 buckler
rPois  .         Gourm    .     (helmet restricted)
rElec  .         Spirit   .     z - +0 cloak
rCorr  .         Warding  .     p - +0 pair of gloves
rMut   .         Stasis   .     (no boots)
MR     +....                    l - amulet of rage
Stlth  ..........               o - ring of flight
                                v - ring of protection from magic

@: paralysed, lethally poisoned (0 -> -12), exhausted, heroism, slowed, somewhat
resistant to hostile enchantments, extremely unstealthy
A: horns 2, molten scales 2, fire resistance 1, spiny 1
a: Heroism, Renounce Religion, Evoke Berserk Rage, Evoke Flight


You were on level 8 of the Dungeon.
You worshipped Okawaru.
Okawaru was greatly pleased with you.
You were very hungry.

You visited 2 branches of the dungeon, and saw 10 of its levels.

You collected 407 gold pieces.

Inventory:

Hand Weapons
 a - a +5 scimitar of freezing (weapon)
   (You acquired it on level 7 of the Dungeon)
 B - a +0 blowgun
 C - a +2 great sword
 D - a +2 dagger of venom
   (You took it off Dowan on level 7 of the Dungeon)
 M - a +0 whip of electrocution
   (You took it off an orc on level 5 of the Dungeon)
Missiles
 h - 6 javelins
 j - 67 poisoned needles
 w - 7 tomahawks (quivered)
 T - 12 curare-tipped needles
 Y - 2 throwing nets
 Z - 281 stones
Armour
 d - a +0 buckler (worn)
 p - a +0 pair of gloves (worn)
 y - a +0 chain mail (worn)
 z - a +0 cloak (worn)
Magical Staves
 K - an uncursed staff of air {unknown}
 V - an uncursed staff of summoning {unknown}
Jewellery
 l - an amulet of rage (around neck)
 o - a ring of flight (right hand)
 v - a ring of protection from magic (left hand)
 x - an uncursed amulet of the gourmand
Wands
 e - a wand of hasting (6) {!d}
 k - a wand of magic darts (17)
 I - a wand of confusion (21)
 X - a wand of teleportation (2) {!d}
Scrolls
 g - a scroll of blinking
 i - 2 scrolls of magic mapping {!r}
 t - a scroll of recharging
 E - 6 scrolls of teleportation {!r}
 P - 2 scrolls of remove curse
 U - 2 scrolls of amnesia
 W - a scroll of fog
Potions
 m - 4 potions of curing
 n - 2 potions of haste {!q}
 q - a potion of might {!q}
 r - 4 potions of heal wounds {!q}
 A - a potion of invisibility {unknown}
 G - a potion of resistance {unknown}
 L - 3 potions of agility {!q}
 R - a potion of lignification {unknown}
Books
 c - the Disquisition on Unholy Rites

   Spells                             Type                      Level
   a - Animate Skeleton               Necromancy                   1
   b - Regeneration                   Charms/Necromancy            3
 Q - a Necronomicon
 S - a book of Annihilations
Comestibles
 b - a royal jelly
 f - 12 bread rations {!e}
 s - 4 meat rations {!e}
 F - 2 beef jerkies
 J - 5 chunks of flesh
 O - 6 fruits


   Skills:
 - Level 10.1(15.1) Fighting
 * Level 5.9(10.9) Long Blades
 - Level 2.2(7.2) Maces & Flails
 + Level 7.6(12.6) Armour
 - Level 1.7(6.7) Dodging
 - Level 1.0(6.0) Shields
 - Level 2.0 Spellcasting
   Level 1.0 Translocations
 - Level 1.0 Evocations


You had 13 spell levels left.
You didn't know any spells.

Dungeon Overview and Level Annotations

Branches:
Dungeon (9/15)             Temple (1/1) D:4
   Lair: D:8-11         Orc: D:9-12

Altars:
Ashenzari
Dithmenos
Elyvilon
Fedhas
Kikubaaqudgha
Makhleb
Nemelex Xobeh
Okawaru
Qazlal
Ru
Sif Muna
Trog
Xom
Yredelemnul
Zin
The Shining One

Shops:
D:6 }   D:8 :


Innate Abilities, Weirdness & Mutations

You have a pair of horns on your head.
You are mostly covered in molten scales (AC +3, EV -1).
Your flesh is heat resistant.
You are partially covered in sharp spines.


Message History

You block the gnoll sergeant's attack. The troll is struck by your spines.
The troll bites you.
* * * LOW HITPOINT WARNING * * *
The troll claws you but does no damage. The troll barely misses you.
Damage: 6 (max 15)
A red film seems to cover your vision as you go berserk!
You feel yourself moving faster!
You feel mighty!
You feel sick.
The gnoll sergeant hits you but does no damage.
You are more poisoned.
The troll is struck by your spines. The troll bites you but does no damage.
The troll claws you but does no damage. The troll claws you.
* * * LOW HITPOINT WARNING * * *
You feel a strong urge to attack something.
You feel sick.
Damage: 1 (max 15)
You feel sick.
You slash the troll! You freeze the troll.
The troll is heavily wounded.
You feel sick. The troll is struck by your spines. The troll bites you!
* * * LOW HITPOINT WARNING * * *
The troll closely misses you. The troll claws you.
* * * LOW HITPOINT WARNING * * *
Damage: 21 (max 21)
You slash the troll! You freeze the troll.
The troll is almost dead.
* * * LOW HITPOINT WARNING * * *
You feel sick.
The gnoll sergeant hits you but does no damage.
You are more poisoned.
Damage: 1 (max 21)
You closely miss the troll.
The troll is almost dead.
* * * LOW HITPOINT WARNING * * *
You feel sick. The troll bites you.
* * * LOW HITPOINT WARNING * * *
The troll barely misses you. x2
Damage: 2 (max 21)
* * * LOW HITPOINT WARNING * * *
You feel sick.
Damage: 1 (max 21)
You feel a strong urge to attack something.
* * * LOW HITPOINT WARNING * * *
You feel sick.
You are no longer berserk.
You pass out from exhaustion.
You feel yourself slow down.
You are feeling very hungry.
* * * LOW HITPOINT WARNING * * *
You feel sick.
You die...

..#.........###'###.........#
..#.........................#
..#..........#.#'####.......#
###..######'#....).##.......#
.##..#........#.....#......)#
.#...#........#.....#......<#
.#...#........#....##########
.....)........#######.......#
.....#..........@.T.#.......#
.....#..............g.......#
..####..............#.......#
......#####.##......#.......#
......# ##.##......#.......#
......# #..##......#.......#
......# #.###......#.......#
......# #.# #......#.......#
......# ##.###......#.......#


You could see a troll and a gnoll sergeant.

Vanquished Creatures
  Prince Ribbit (D:8)
  2 two-headed ogres (D:8)
  A spriggan (D:7)
  A wyvern (D:8)
  2 sky beasts
  Duvessa (D:7)
  An orc warrior (D:7)
  4 ogres
  A phantom (D:5)
  A wasp (D:8)
  2 centaurs (D:5)
  2 big kobolds (D:8)
  5 giant frogs
  2 scorpions
  Dowan (D:7)
  3 killer bees (D:8)
  8 wights
  4 crimson imps
  A centaur zombie (D:6)
  3 giant frog skeletons (D:5)
  A giant frog zombie (D:5)
  5 hounds
  5 orc wizards
  Crazy Yiuf (D:3)
  Ijyb (D:3)
  A jelly (D:7)
  4 orc priests
  Jessica (D:2)
  Natasha (thrice) (D:4)
  An iguana (D:8)
  10 worker ants
  A hound skeleton (D:8)
  A worker ant zombie (D:5)
  6 adders
  2 gnolls
  A shadow imp (D:8)
  An ooze (D:1)
  An adder zombie (D:8)
  2 adder skeletons (D:8)
  A worm (D:2)
  2 giant geckos
  21 orcs
  7 bats
  8 giant cockroaches
  5 hobgoblins
  17 kobolds
  2 ball pythons
  7 giant newts
  8 goblins
  A jackal zombie (D:7)
  5 quokkas
  A quokka skeleton (D:9)
  6 rats
  A spectral orc (D:2)
186 creatures vanquished.

Notes
Turn   | Place    | Note
--------------------------------------------------------------
     0 | D:1      | Gorice the Demonspawn Wanderer began the quest for the Orb.
     0 | D:1      | Gorice set off with: a +0 leather armour, the Disquisition on Unholy Rites, a +0 buckler, a +0 dagger, a bread ration {!e}, 2 throwing nets
     0 | D:1      | Reached XP level 1. HP: 15/15 MP: 3/3
     0 | D:1      | Identified the Disquisition on Unholy Rites
   263 | D:1      | Reached skill level 2 in Fighting
   289 | D:1      | Gained mutation: You have a pair of small horns on your head. [demonic ancestry]
   289 | D:1      | Reached XP level 2. HP: 15/22 MP: 5/5
   498 | D:1      | Reached skill level 3 in Fighting
   503 | D:1      | Gained mutation: Your flesh is heat resistant. [demonic ancestry]
   503 | D:1      | Reached XP level 3. HP: 19/29 MP: 6/6
  1029 | D:2      | Found a deep blue altar of Sif Muna.
  1241 | D:2      | Noticed Jessica
  1404 | D:2      | Killed Jessica
  1404 | D:2      | Reached skill level 4 in Fighting
  1404 | D:2      | Reached skill level 1 in Armour
  1404 | D:2      | Gained mutation: You are partially covered in sharp spines. [demonic ancestry]
  1404 | D:2      | Reached XP level 4. HP: 33/37 MP: 7/7
  1515 | D:2      | Found a basalt altar of Yredelemnul.
  1729 | D:3      | Noticed Ijyb
  1740 | D:3      | Killed Ijyb
  1861 | D:2      | Reached XP level 5. HP: 29/43 MP: 8/8
  2215 | D:3      | Noticed Crazy Yiuf
  2222 | D:3      | Killed Crazy Yiuf
  2222 | D:3      | Reached skill level 5 in Fighting
  2222 | D:3      | Reached skill level 2 in Armour
  2377 | D:3      | Reached XP level 6. HP: 27/51 MP: 9/9
  2611 | D:4      | Found a staircase to the Ecumenical Temple.
  2617 | Temple   | Entered the Ecumenical Temple
  3051 | D:4      | Noticed Natasha
  3085 | D:4      | Killed Natasha
  3125 | D:4      | Found an iron altar of Okawaru.
  3129 | D:4      | Became a worshipper of Warmaster Okawaru
  3234 | D:4      | Noticed Natasha
  3238 | D:4      | Killed Natasha
  3240 | D:4      | Found a shattered altar of Ashenzari.
  3254 | D:4      | Found a stormy altar of Qazlal.
  3256 | D:4      | Found a blossoming altar of Fedhas.
  3427 | D:4      | Noticed Natasha
  3432 | D:4      | Killed Natasha
  3594 | D:5      | Entered Level 5 of the Dungeon
  3602 | D:5      | Reached skill level 6 in Fighting
  3616 | D:5      | Reached skill level 3 in Armour
  3817 | D:5      | Gained mutation: You are partially covered in molten scales (AC +1). [demonic ancestry]
  3817 | D:5      | Reached XP level 7. HP: 46/59 MP: 10/10
  4103 | D:5      | Reached * piety under Okawaru
  4103 | D:5      | Reached skill level 7 in Fighting
  4199 | D:4      | Found a shadowy altar of Dithmenos.
  4199 | D:4      | Found a white marble altar of Elyvilon.
  4260 | D:5      | Reached skill level 4 in Armour
  4473 | D:5      | Gained mutation: You have a pair of horns on your head. [demonic ancestry]
  4473 | D:5      | Reached XP level 8. HP: 25/68 MP: 11/11
  4842 | D:5      | Reached skill level 8 in Fighting
  5474 | D:6      | Found Zitwinle's Gadget Shop.
  5641 | D:6      | Reached ** piety under Okawaru
  5698 | D:6      | Reached skill level 5 in Armour
  5815 | D:7      | Noticed Dowan
  5817 | D:7      | Noticed Duvessa
  5821 | D:7      | Killed Dowan
  5821 | D:7      | Reached skill level 9 in Fighting
  5827 | D:7      | Killed Duvessa
  6118 | D:7      | Reached XP level 9. HP: 48/78 MP: 12/12
  6433 | D:7      | Reached skill level 10 in Fighting
  6437 | D:7      | Reached skill level 6 in Armour
  6622 | D:7      | Reached skill level 1 in Maces & Flails
  6821 | D:7      | Reached skill level 2 in Maces & Flails
  6911 | D:7      | Identified a scroll of acquirement
  6924 | D:8      | Reached skill level 2 in Long Blades
  6948 | D:8      | HP: 22/78 [wyvern (11)]
  6951 | D:8      | Reached *** piety under Okawaru
  6953 | D:8      | Reached skill level 3 in Long Blades
  6960 | D:8      | HP: 5/78 [two-headed ogre/giant spiked club (19)]
  7359 | D:8      | Reached skill level 4 in Long Blades
  7475 | D:8      | Reached skill level 7 in Armour
  7593 | D:8      | Found Zaacom's Book Shop.
  7599 | D:8      | Reached skill level 5 in Long Blades
  7686 | D:8      | Reached **** piety under Okawaru
  7838 | D:8      | HP: 23/78 [poisoned by a kobold]
  7844 | D:8      | HP: 23/78 [poisoned by a kobold]
  7852 | D:7      | HP: 23/78 [poisoned by a kobold]
  8056 | D:8      | Noticed Prince Ribbit
  8066 | D:8      | Killed Prince Ribbit
  8066 | D:8      | Gained mutation: You are mostly covered in molten scales (AC +3, EV -1). [demonic ancestry]
  8066 | D:8      | Reached XP level 10. HP: 76/85 MP: 10/13
  8299 | D:8      | HP: 24/85 [troll (5)]
  8303 | D:8      | HP: 8/127 [troll (6)]
  8308 | D:8      | HP: 2/85 [poisoned by a gnoll sergeant]
  8309 | D:8      | Succumbed to a gnoll sergeant's poison

Action                   |  1- 3 |  4- 6 |  7- 9 | 10-12 || total
-------------------------+-------+-------+-------+-------++-------
Melee: Dagger            |   151 |    67 |   131 |       ||   349
       Short sword       |    61 |    37 |       |       ||    98
       Whip              |       |       |   128 |       ||   128
       Scimitar          |       |       |    79 |    18 ||    97
 Fire: Blowgun           |       |       |     3 |       ||     3
Throw: Javelin           |     9 |     6 |     6 |       ||    21
       Tomahawk          |       |     3 |    39 |     1 ||    43
Invok: Heroism           |       |       |     5 |     2 ||     7
 Abil: Evoke Berserk Rag |     1 |     5 |     3 |     1 ||    10
Evoke: Wand              |       |       |     1 |       ||     1
  Use: Scroll            |     4 |     6 |     6 |     3 ||    19
       Potion            |       |       |     1 |       ||     1
  Eat: Chunk             |     2 |    10 |    17 |       ||    29
       Pizza             |       |     1 |       |       ||     1

Table legend:
 A = Turns spent in this place as a percentage of turns spent in the entire game.
 B = Non-inter-level travel turns spent in this place as a percentage of non-inter-level travel turns spent in the entire game.
 C = Inter-level travel turns spent in this place as a percentage of turns spent in this place.
 D = Turns resting spent in this place as a percentage of non-inter-level travel turns spent in this place.
 E = Turns spent auto-exploring this place as a percentage of non-inter-level travel turns spent in this place.
 F = Non-inter-level travel turns spent in this place divided by the number of levels of this place that you've seen.
                   A       B       C       D       E      F
               +-------+-------+-------+-------+-------+----------------------
         Total | 100.0 | 100.0 |   0.5 |   2.0 |   5.1 | 320.0
       Dungeon |  94.6 |  94.6 |   0.5 |   2.1 |   5.4 | 336.2
        Temple |   5.4 |   5.4 |   0.6 |   0.0 |   0.0 | 174.0
               +-------+-------+-------+-------+-------+----------------------

Vault maps used:
D:1:      scummos_arrival_hexagon
D:2:      yredelemnul_forgotten_temple_becter, old_standard_altar,
          serial_co_window_serial, co_window_cross_1,
          co_window_of_opportunity_a, co_window_paths_b,
          co_window_of_opportunity_a, co_window_of_opportunity_a,
          co_window_broadway_a, co_window_broadway_a, co_window_broadway_a,
          co_window_of_opportunity_c, glass_columns_a, uniq_jessica
D:3:      first_bread, uniq_crazy_yiuf_cottage, uniq_iyjb
D:4:      grunt_temple_overflow_forces_of_nature, okawaru_gym_becter,
          old_standard_altar, nicolae_overflow_hidden_temple,
          minmay_temple_entry_statues_fountains, uniq_natasha
D:6:      serial_shops, shop
D:7:      the_bakery, uniq_duvessa
D:8:      serial_shops, nicolae_shop_temple_entry_statues_fountains,
          minmay_misc_feat_doors, hex_tiny, grunt_potential, uniq_prince_ribbit1
D:9:      nicolae_whirlpool, minitemple, uniq_erolcha, uniq_pikel
Temple:   minmay_temple_curvy_8
